 Dungeon Crawl Stone Soup version 0.21.1-1-g345015f (webtiles) character file.

9655 Vesto the Fighter (level 11, 0/71 HPs)
             Began as a Gargoyle Fighter on Feb 11, 2018.
             Was a High Priest of Okawaru.
             Slain by an unseen horror (8 damage)
             ... on level 11 of the Dungeon.
             The game lasted 00:36:16 (9769 turns).

Vesto the Fighter (Gargoyle Fighter)                Turns: 9769, Time: 00:36:17

Health: 0/71       AC: 16    Str: 22    XL:     11   Next: 49%
Magic:  16/18      EV: 16    Int: 15    God:    Okawaru [*****.]
Gold:   488        SH: 10    Dex: 13    Spells: 13/19 levels left

rFire    . . .     SeeInvis .   b - +3 flail (protect)
rCold    . . .     Gourm    .   c - +0 shield
rNeg     + . .     Faith    .   t - +2 leather armour {rPois}
rPois    ∞         Spirit   .   x - +0 helmet
rElec    +         Reflect  .   (no cloak)
rCorr    .         Harm     .   (no gloves)
MR       .....     Clarity  +   (no boots)
Stlth    +.........             (no amulet)
HPRegen  0.21/turn              (no ring)
MPRegen  0.16/turn              q - ring of Atifig {EV+4 Int+4 Dex+3}

@: very slightly contaminated
A: clarity, negative energy resistance 1, shaggy fur 1, electricity resistance,
strong 1, unbreathing, petrification resistance, rot immunity, AC +8
a: Heroism, Finesse, Renounce Religion


You were on level 11 of the Dungeon.
You worshipped Okawaru.
Okawaru was extremely pleased with you.
You were not hungry.

You visited 2 branches of the dungeon, and saw 12 of its levels.

You collected 488 gold pieces.

Inventory:

Hand Weapons
 a - a +2 antimagic flail
 b - a +3 flail of protection (weapon)
 v - a +1 whip of venom
Missiles
 o - a throwing net
 z - 5 javelins of returning (quivered)
Armour
 c - a +0 shield (worn)
 t - a +2 leather armour of poison resistance (worn)
 x - a +0 helmet (worn)
Jewellery
 j - an uncursed ring of ice {unknown}
 l - an uncursed ring of stealth
 n - an uncursed amulet of guardian spirit
 q - the ring of Atifig (right hand) {EV+4 Int+4 Dex+3}
   (You found it on level 6 of the Dungeon)

   [ring of evasion]

   It affects your evasion (+4).
   It affects your intelligence (+4).
   It affects your dexterity (+3).
 u - an uncursed ring of protection from magic
Wands
 h - a wand of iceblast (5)
 m - a wand of disintegration (13)
 s - a wand of paralysis (7)
 y - a wand of random effects (28)
 C - a wand of enslavement (12)
Scrolls
 e - 10 scrolls of identify
 g - 2 scrolls of magic mapping
 i - a scroll of enchant weapon
 D - 2 scrolls of remove curse
Potions
 d - 3 potions of resistance
 p - 3 potions of curing
 r - 2 potions of haste
 w - a potion of heal wounds
Books
 A - a book of Debilitation

   Spells                             Type                      Level
   a - Corona                         Hexes                        1
   b - Slow                           Hexes                        2
   c - Inner Flame                    Hexes/Fire                   3
   d - Portal Projectile              Hexes/Translocation          3
   e - Cause Fear                     Hexes                        4
   f - Leda's Liquefaction            Hexes/Earth                  4
 B - a book of Beasts

   Spells                             Type                      Level
   a - Summon Butterflies             Summoning                    1
   b - Call Canine Familiar           Summoning                    3
   c - Summon Ice Beast               Ice/Summoning                4
   d - Summon Mana Viper              Hexes/Summoning              5
   e - Summon Hydra                   Summoning                    7
Comestibles
 f - 21 rations


   Skills:
 * Level 9.3 Fighting
 * Level 8.2 Maces & Flails
 - Level 4.0 Throwing
 + Level 7.0 Armour
 + Level 4.5 Dodging
 - Level 6.0 Shields
 + Level 4.8 Spellcasting
 + Level 3.0 Hexes
 + Level 3.9 Invocations
 + Level 4.4 Evocations


You had 13 spell levels left.
You knew the following spells:

 Your Spells              Type           Power        Failure   Level  Hunger
a - Cause Fear            Hex            ##........   87%         4    ####...
b - Slow                  Hex            ##......     26%         2    ##.....


Dungeon Overview and Level Annotations

Branches:
Dungeon (11/15)            Temple (1/1) D:5            Lair (0/6) D:9
    Orc: D:9-12

Altars:
Ashenzari
Cheibriados
Dithmenos
Elyvilon
Fedhas
Gozag
Hepliaklqana
Kikubaaqudgha
Makhleb
Nemelex Xobeh
Okawaru
Qazlal
Ru
Sif Muna
Trog
Uskayaw
Vehumet
Wu Jian
Xom
Yredelemnul
Zin
The Shining One

Shops:
D:4 [


Innate Abilities, Weirdness & Mutations

You are resistant to torment.
Your stone body is resilient. (AC +8)
You are immune to poison.
You resist negative energy. (rN+)
You are resistant to electric shocks. (rElec)
You can survive without breathing.
You are immune to petrification.
You are immune to rotting.
You possess an exceptional clarity of mind.
You are covered in fur. (AC +1)
Your muscles are strong. (Str +2)


Message History

You block something's attack. Something hits you but does no damage.
The kobold demonologist casts a spell.
You hit the orc wizard.
Your weapon exudes an aura of protection.
The orc wizard is lightly wounded.
Something barely misses you. Something hits you but does no damage.
The orc closely misses you.
The orc wizard hits you but does no damage.
Something hits you but does no damage. The orc wizard barely misses you.
You block the orc's attack.
The kobold demonologist miscasts a cantrip.
Blink to where?
Press: ? - help, Dir - move target cursor You are very lightly contaminated with residual magic.
As you read the scroll of blinking, it crumbles to dust.
Something hits you.
* * * LOW HITPOINT WARNING * * *
Your hands slow down.
Something hits you!
You die...

,,,,,,* *,,,,*
#..o.##....* *,*
,,,,,,* *,,,,*
#....#*,...* *,*
,,,,,,* *,,,,*
#....#*..,.* *,*
,,,,,,* *,,,,*
#s...##..,,* *,*
,,,,,,***,,,,*
#.........,* *,*
,,,,,,,,,,,,,*
#.........,****,*
,,,,,,,,,,,,,*
#..........,,,,,*
,,,,,,,,,,,,,*
#...........,,,,*
,,,,,,,,,,,,,*
#@..........,,,,*
,,,,,,***#...#
#...........,,,,*
,,,,,,* #...#
#...........,,,,*
......# #...#
#...........,,,,*
......# #...#
#...........,,,,*
......# #...#
#...........,,,,*
......# #...#
#..........#***,*
......# #...#
#..........# *,*
......####...#
#...?......# *,*


You could see a scorpion.

Vanquished Creatures
  2 two-headed ogres
  Nergalle (D:10)
  The ghost of Mgcat the Sneak, a novice DrAs of Fedhas (D:6)
  A cyclops (D:11)
  A kobold demonologist (D:8)
  2 trolls (D:9)
  Prince Ribbit (D:9)
  A hippogriff (D:9)
  5 wyverns
  A yak (D:10)
  Grum (D:9)
  Edmund (D:5)
  3 orc warriors
  A black bear (D:10)
  A swamp drake (D:9)
  A hornet zombie (D:6)
  An ice beast (D:6)
  4 phantoms
  2 wolves (D:9)
  4 crocodiles (D:9)
  2 ogres
  A centaur (D:6)
  14 big kobolds (D:8)
  3 bullfrogs
  4 scorpions
  5 wights (D:6)
  A crimson imp (D:6)
  2 bullfrog zombies
  A quasit (D:9)
  7 hounds
  A jelly (D:3)
  5 orc priests
  3 bullfrog skeletons
  8 orc wizards
  2 centaur skeletons
  A gnoll shaman (D:4)
  6 iguanas
  3 worker ants
  A killer bee zombie (D:7)
  A hound skeleton (D:10)
  2 worker ant zombies
  7 gnolls
  11 adders
  2 oozes
  3 adder skeletons
  2 worms
  3 dart slugs
  7 leopard geckos
  18 orcs
  7 bats
  7 giant cockroaches
  10 goblins
  9 hobgoblins
  18 jackals
  6 quokkas
  4 ball pythons
  8 frilled lizards
  24 kobolds
  12 rats
266 creatures vanquished.

Vanquished Creatures (others)
  A hound (D:11)
1 creature vanquished.

Grand Total: 267 creatures vanquished

Notes
Turn   | Place    | Note
-------+----------+-------------------------------------------
     0 | D:1      | Vesto the Gargoyle Fighter began the quest for the Orb.
     0 | D:1      | Reached XP level 1. HP: 14/14 MP: 1/1
    85 | D:1      | Reached XP level 2. HP: 18/19 MP: 2/2
   212 | D:2      | Reached XP level 3. HP: 23/23 MP: 3/3
   683 | D:5      | Entered Level 5 of the Dungeon
   697 | D:4      | Found a shadowy altar of Dithmenos.
   740 | D:4      | Reached XP level 4. HP: 23/29 MP: 5/5
   822 | D:4      | Reached skill level 4 in Fighting
   822 | D:4      | Reached skill level 1 in Spellcasting
   829 | D:4      | Reached skill level 1 in Throwing
   829 | D:4      | Reached skill level 1 in Dodging
   838 | D:4      | Reached XP level 5. HP: 13/33 MP: 6/6
   903 | D:4      | Noticed a phantom
  1080 | D:4      | Noticed an ogre
  1094 | D:4      | Killed an ogre
  1125 | D:4      | Found Jikag's Antique Armour Emporium.
  1354 | D:5      | Found a hazy altar of Hepliaklqana.
  1443 | D:6      | Noticed Mgcat's ghost (novice DrAs)
  1547 | D:5      | Reached XP level 6. HP: 35/39 MP: 6/8
  1809 | D:5      | Noticed Edmund
  1832 | D:5      | Killed Edmund
  1879 | D:5      | Found a staircase to the Ecumenical Temple.
  1897 | Temple   | Entered the Ecumenical Temple
  2265 | D:3      | Found a deep blue altar of Sif Muna.
  3131 | D:2      | Found a sparkling altar of Nemelex Xobeh.
  3663 | D:3      | Reached XP level 7. HP: 35/44 MP: 9/9
  3922 | D:4      | Reached skill level 5 in Fighting
  4521 | D:4      | Found an iron altar of Okawaru.
  4524 | D:4      | Became a worshipper of Warmaster Okawaru
  5128 | D:6      | Reached skill level 1 in Evocations
  5215 | D:6      | Killed Mgcat's ghost
  5215 | D:6      | Reached * piety under Okawaru
  5215 | D:6      | Reached ** piety under Okawaru
  5215 | D:6      | Reached skill level 6 in Fighting
  5215 | D:6      | Reached XP level 8. HP: 40/51 MP: 11/11
  5217 | D:6      | Reached skill level 5 in Maces & Flails
  5238 | D:6      | Reached skill level 5 in Shields
  5246 | D:6      | Reached skill level 5 in Armour
  5277 | D:6      | Noticed a two-headed ogre
  5285 | D:6      | Killed a two-headed ogre
  5285 | D:6      | Reached *** piety under Okawaru
  5285 | D:6      | Reached XP level 9. HP: 13/56 MP: 10/13
  5509 | D:6      | Reached skill level 7 in Fighting
  5701 | D:6      | Got a vibrating tin ring
  5707 | D:6      | Identified the ring of Atifig {EV+4 Int+4 Dex+3} (You found it on level 6 of the Dungeon)
  6781 | D:8      | Found a shattered altar of Ashenzari.
  6830 | D:8      | Reached **** piety under Okawaru
  6830 | D:8      | Reached skill level 1 in Invocations
  6843 | D:8      | Reached XP level 10. HP: 63/63 MP: 12/15
  6871 | D:8      | Learned a level 4 spell: Cause Fear
  7111 | D:8      | Reached skill level 1 in Hexes
  7132 | D:8      | Noticed a kobold demonologist
  7132 | D:8      | Reached skill level 8 in Fighting
  7149 | D:8      | Killed a kobold demonologist
  7282 | D:8      | Found a bloodstained altar of Trog.
  7341 | D:8      | Found an ornate altar of the Wu Jian Council.
  7354 | D:8      | Found a snail-covered altar of Cheibriados.
  7358 | D:8      | Found an opulent altar of Gozag.
  7420 | D:8      | Found a blossoming altar of Fedhas.
  7608 | D:9      | Received a gift from Okawaru
  7640 | D:10     | Entered Level 10 of the Dungeon
  7783 | D:9      | Noticed Prince Ribbit
  7943 | D:9      | Noticed Grum
  7986 | D:9      | Killed Grum
  8134 | D:9      | Killed Prince Ribbit
  8319 | D:9      | Found a white marble altar of Elyvilon.
  8319 | D:9      | Found a glowing golden altar of the Shining One.
  8320 | D:9      | Found a glowing silver altar of Zin.
  8446 | D:9      | Reached XP level 11. HP: 69/69 MP: 17/17
  8646 | D:9      | Received a gift from Okawaru
  8703 | D:9      | Reached skill level 9 in Fighting
  8736 | D:9      | Found a staircase to the Lair.
  8991 | D:9      | Learned a level 2 spell: Slow
  9244 | D:10     | Noticed a two-headed ogre
  9253 | D:10     | Gained mutation: You are covered in fur. (AC +1) [potion of mutation]
  9253 | D:10     | Gained mutation: You possess an exceptional clarity of mind. [potion of mutation]
  9253 | D:10     | Gained mutation: Your muscles are strong. (Str +2) [potion of mutation]
  9264 | D:10     | Killed a two-headed ogre
  9405 | D:10     | Noticed Nergalle
  9433 | D:10     | Killed Nergalle
  9433 | D:10     | Reached ***** piety under Okawaru
  9698 | D:11     | Noticed a manticore
  9728 | D:11     | Noticed a cyclops
  9745 | D:11     | Killed a cyclops
  9746 | D:11     | Noticed a manticore
  9769 | D:11     | Slain by an unseen horror

Skill      XL: |  1  2  3  4  5  6  7  8  9 10 11 |
---------------+----------------------------------+-----
Fighting       | 4 6 7 8 9 |  9.3
Spellcasting   | 1 2 3 4 |  4.8
Throwing       | 1 2 3 4 |  4.0
Dodging        | 1 2 3 4 |  4.5
Maces & Flails | 3 4 5 6 7 8 |  8.2
Armour         | 4 5 6 7 |  7.0
Shields        | 4 5 6 |  6.0
Evocations     | 1 2 3 4 |  4.4
Invocations    | 1 3 |  3.9
Hexes          | 2 3 |  3.0

Action                   |  1- 3 |  4- 6 |  7- 9 | 10-12 || total
-------------------------+-------+-------+-------+-------++-------
Melee: Flail             |   140 |   269 |   446 |   539 ||  1394
Invok: Heroism           |       |       |     5 |    22 ||    27
       Finesse           |       |       |       |     1 ||     1
Evoke: Wand              |       |       |       |     5 ||     5
  Use: Potion            |       |     2 |     4 |     5 ||    11
       Scroll            |       |       |    11 |     5 ||    16
  Eat: Chunk             |       |    10 |    10 |     8 ||    28
       Ration            |       |       |       |     1 ||     1
Armor: Scale mail        |    76 |    50 |       |       ||   126
       Chain mail        |       |   137 |   180 |       ||   317
       Plate armour      |       |       |    62 |   197 ||   259
       Leather armour    |       |       |       |    40 ||    40
Dodge: Dodged            |    47 |    55 |   111 |   246 ||   459
Block: Shield            |    75 |   127 |   245 |   318 ||   765
